 Dungeon Crawl Stone Soup version 0.32-a0-913-g739538afd8 (webtiles) character file.

Game seed: 4010485069909533890

20117 Biggs the Brawler (level 12, -1/82 HPs)
             Began as an Octopode Shapeshifter on Apr 9, 2024.
             Was a High Priest of Wu Jian.
             Slain by a yak (3 damage)
             ... led by a torpor snail
             ... while petrified by a basilisk
             ... on level 3 of the Lair of Beasts.
             The game lasted 00:29:32 (11088 turns).

Biggs the Brawler (Octopode Shapeshifter)          Turns: 11088, Time: 00:29:33

Health: -1/82      AC:  1    Str: 17    XL:     12   Next: 76%
Magic:  12/12      EV:  2    Int: 13    God:    Wu Jian [*****.]
Gold:   803        SH:  0    Dex: 18    Spells: 11/11 levels left

rFire   + .          .
                       - Unarmed
rCold   . . .        (shield currently unavailable)
rNeg    + + +        (helmet restricted)
rPois   ∞            i - amulet of regeneration
rElec   +            d - +5 ring of evasion
rCorr   +            j - +5 ring of evasion
SInv    +            u - ring "Yruagofo" {rElec rPois rN+ rCorr}
Will    .....        B - ring of protection from fire
Stlth   +            l - +6 ring of dexterity
HPRegen 1.13/turn    G - ring of see invisible
MPRegen 0.13/turn    (no ring)
                     (no ring)

%: no passive effects
@: flux-form, petrified, slowed, glowing
A: glow, contaminating, almost no armour, amphibious, 8 rings, camouflage 1,
gelatinous body 1, (nimble swimmer 1), tentacles
a: Begin Untransformation, Renounce Religion, Wall Jump, Serpent's Lash,
Heavenly Storm


You were on level 3 of the Lair of Beasts.
You worshipped Wu Jian.
Wu Jian was extremely pleased with you.
You were something dangerously unstable.
You visited 3 branches of the dungeon, and saw 13 of its levels.

You collected 803 gold pieces.

Inventory:

Missiles
 v - 16 throwing nets (quivered)
Jewellery
 d - a +5 ring of evasion (left tentacle)
 i - an amulet of regeneration (around mantle)
 j - a +5 ring of evasion (right tentacle)
 l - a +6 ring of dexterity (on tentacle)
 u - the ring "Yruagofo" (on tentacle) {rElec rPois rN+ rCorr}
   (You found it on level 5 of the Dungeon)

   [ring of resist corrosion]

   rElec:     It insulates you from electricity.
   rPois:     It protects you from poison.
   rN+:       It protects you from negative energy.
   rCorr:     It protects you from acid and corrosion.
 B - a ring of protection from fire (on tentacle)
 G - a ring of see invisible (on tentacle)
Talismans
 b - a beast talisman
 c - a flux talisman (active)
Wands
 n - a wand of acid (10)
 y - a wand of flame (12)
 A - a wand of warping (12)
Scrolls
 k - 4 scrolls of fog
 m - 3 scrolls of vulnerability
 o - 2 scrolls of poison
 p - 2 scrolls of amnesia
 q - 2 scrolls of noise
 r - 2 scrolls of teleportation
 w - a scroll of enchant armour
 z - a scroll of immolation
 E - a scroll of identify
 H - a scroll of fear
Potions
 a - 3 potions of lignification
 e - a potion of enlightenment
 f - a potion of ambrosia
 g - 2 potions of attraction
 h - a potion of curing {unknown}
 s - 3 potions of magic
 t - a potion of degeneration {unknown}
 x - 2 potions of haste
 C - a potion of brilliance {unknown}
 D - a potion of cancellation {unknown}
 F - a potion of might {unknown}
 I - a potion of mutation {unknown}


   Skills:
 - Level 8.0 Fighting
 + Level 6.3 Dodging
 - Level 16.4 Unarmed Combat
 - Level 5.0 Evocations
 - Level 7.0 Shapeshifting


You had 11 spell levels left.
You didn't know any spells.
Your spell library contained the following spells:

 Spells                   Type           Power      Damage    Failure   Level
 Summon Small Mammal      Summ           0%         N/A       30%         1
 Scorch                   Fire           0%         2d5       43%         2
 Sublimation of Blood     Necr           0%         N/A       43%         2
 Call Canine Familiar     Summ           0%         N/A       67%         3
 Inner Flame              Hex/Fire       0%         N/A       67%         3
 Flame Wave               Conj/Fire      0%         2d4       97%         4
 Petrify                  Alch/Erth      0%         N/A       97%         4
 Summon Blazeheart Golem  Fire/Summ      0%         N/A       97%         4
 Irradiate                Conj/Alch      0%         3d11      100%        5
 Iskenderun's Battlesphe  Conj           0%         2d6       100%        5
 Bombard                  Conj/Erth      0%         9d1       100%        6
 Summon Cactus Giant      Summ           0%         N/A       100%        6
 Spellforged Servitor     Conj/Summ      0%         N/A       100%        7
 Ignition                 Fire           0%         3d3       100%        8


Dungeon Overview and Level Annotations

Branches:
Dungeon (9/15)             Temple (1/1) D:4            Lair (3/5) D:9
  Swamp (0/4) Lair:2        Snake (0/4) Lair:2
    Orc: D:9-12

Altars:
Ashenzari
Cheibriados
Elyvilon
Fedhas
Gozag
Hepliaklqana
Kikubaaqudgha
Makhleb
Nemelex Xobeh
Okawaru
Qazlal
Ru
Sif Muna
Trog
Uskayaw
Vehumet
Wu Jian
Xom
Yredelemnul
Zin
The Shining One

Shops:
D:6 (

Annotations:
D:5 Dowan, Duvessa
D:9 Joseph


Innate Abilities, Weirdness & Mutations

You are something dangerously unstable.
You glow with magical radiation, making you easy to see and hit.
Foes you strike become dangerously contaminated with magical radiation.
You are immune to poison.
You are incapable of wielding weapons or throwing items.
You cannot wear most types of armour.
You are amphibious.
You can wear up to eight rings at the same time.
Your skin changes colour to match your surroundings (Stealth+).
Your rubbery body absorbs attacks. (AC +1, EV +1)
((You are camouflaged when in or above water. (Stealth+)))
You have tentacles for arms and can constrict up to eight enemies at once.


Message History

The torpor snail is engulfed in poison gas.
The torpor snail is poisoned.
The yak gores you.
The yak is engulfed in poison gas.
The yak looks even sicker.
The yak is engulfed in poison gas.
The yak looks even sicker.
The yak gores you!
The yak is engulfed in poison gas.
The yak looks even sicker.
The yak is poisoned.
The yak gores you.
The torpor snail looks even sicker.
The yak is engulfed in poison gas.
The yak looks even sicker.
The yak gores you!
The yak is engulfed in poison gas.
The yak looks even sicker.
The yak gores you!
The yak is engulfed in poison gas.
The yak looks even sicker.
The yak is engulfed in poison gas.
The yak looks as sick as possible!
The yak gores you!
The yak is engulfed in poison gas.
The yak looks as sick as possible!
The yak gores you.
The yak is engulfed in poison gas.
The yak looks even sicker.
The yak gores you! The yak gores you.
The torpor snail looks even sicker.
The yak is engulfed in poison gas.
The yak looks as sick as possible!
The yak gores you!
The yak is engulfed in poison gas.
The yak looks even sicker.
The yak gores you!
The yak is engulfed in poison gas.
The yak looks as sick as possible!
The yak gores you! x2
* * * LOW HITPOINT WARNING * * *
The torpor snail looks as sick as possible!
The yak gores you!
* * * LOW HITPOINT WARNING * * *
The yak is engulfed in poison gas.
The yak looks as sick as possible!
The yak gores you.
* * * LOW HITPOINT WARNING * * *
The yak is engulfed in poison gas.
The yak looks as sick as possible!
The yak barely misses you.
The yak is engulfed in poison gas.
The yak looks as sick as possible!
The yak gores you!
* * * LOW HITPOINT WARNING * * *
The yak is engulfed in poison gas.
The yak looks as sick as possible!
The yak gores you!
* * * LOW HITPOINT WARNING * * *
The yak is engulfed in poison gas.
The yak looks as sick as possible!
The yak gores you.
* * * LOW HITPOINT WARNING * * *
The yak gores you.
You die...

.# ########.####.......... P
#☼§§P##### #.#.........
#§○§☼§§#§#####..##.....
###§§§○§§☼P# ##...##.#.
#☼○§☼§○§§☼○# #..####..
#§§☼§§§§☼§§# ##..#.#...
##○○§§§§§○## ##.......##
#§§§☼§§§☼○# ##.......##.
##○§○☼Yp§§###...........
##P§§○§YYY☼☼# #.......... ##
#P☼§☼§.○Y○§####..........
..## ##§§○☼§w§☼§#
#P.......... ....
###§☼§§☼§§####..........
#.#..
##P§§§§.○§§##.##.#.###..
...#..####§○○○.§☼§§§§..P#####
###
.Y....#.Y##○○§○§§§☼§○○...#
#...†#Y..#...≈≈~~≈≈≈~.#


You could see a torpor snail (extremely poisoned) and 5 yaks.

Vanquished Creatures
  Josephine (Lair:3)
  Erica (Lair:1)
  A boulder beetle (Lair:1)
  10 elephants
  5 cane toads
  A rime drake (Lair:1)
  A komodo dragon (Lair:1)
  2 polar bears
  Grinder (D:4)
  2 hornets
  7 blink frogs
  Sigmund (D:4)
  25 yaks
  4 wraiths (Lair:3)
  2 wyverns
  Eustachio (D:4)
  4 basilisks
  Menkaure (D:4)
  3 nagas (Lair:2)
  7 water moccasins
  A sky beast (D:8)
  An orc warrior (D:8)
  An ice beast (D:8)
  A black bear (D:9)
  An ogre (D:7)
  5 wolves
  A phantom (D:7)
  A kobold brigand (D:6)
  Blork the orc (D:4)
  8 bullfrogs
  4 gnoll sergeants (D:6)
  3 scorpions
  8 wights
  3 killer bees
  An electric eel (D:6)
  2 bombardier beetles
  4 orc priests
  5 gnoll boudas (D:6)
  10 hounds
  Ijyb (D:3)
  Natasha (twice) (D:4)
  4 iguanas
  3 orc wizards (D:9)
  Terence (D:2)
  40 gnolls
  8 adders
  A shadow imp (D:7)
  4 white imps
  3 dart slugs
  A ribbon worm (D:2)
  25 orcs
  6 endoplasms
  5 giant cockroaches
  8 goblins
  7 hobgoblins
  18 jackals
  6 kobolds
  2 quokkas
  4 ball pythons
  2 bats
  3 frilled lizards
  16 rats
311 creatures vanquished.

Vanquished Creatures (others)
  A bat (D:3)
1 creature vanquished.

Grand Total: 312 creatures vanquished

Notes
Turn   | Place    | Note
-------+----------+-------------------------------------------
     0 | D:1      | Biggs the Octopode Shapeshifter began the quest for the
                  | Orb.
     0 | D:1      | Reached XP level 1. HP: 13/13 MP: 1/1
    80 | D:1      | Found a faded altar of an unknown god.
   140 | D:1      | Reached XP level 2. HP: 18/18 MP: 2/2
   522 | D:1      | Reached XP level 3. HP: 19/23 MP: 3/3
  1106 | D:2      | Found a shimmering blue altar of Sif Muna.
  1111 | D:2      | Reached XP level 4. HP: 28/28 MP: 4/4
  1474 | D:2      | Noticed Terence
  1491 | D:2      | Killed Terence
  1492 | D:2      | Reached skill level 5 in Shapeshifting
  1652 | D:3      | Noticed Ijyb
  1661 | D:3      | Killed Ijyb
  1662 | D:3      | Reached XP level 5. HP: 33/33 MP: 5/5
  2431 | D:4      | Noticed Menkaure
  2495 | D:4      | Killed Menkaure
  2496 | D:4      | Reached XP level 6. HP: 38/38 MP: 6/6
  2638 | D:4      | Noticed Grinder
  2645 | D:4      | Killed Grinder
  2646 | D:4      | Reached skill level 4 in Unarmed Combat
  2646 | D:4      | Reached XP level 7. HP: 24/43 MP: 7/7
  2753 | D:4      | Noticed Natasha
  2760 | D:4      | Killed Natasha
  2793 | D:4      | Found a staircase to the Ecumenical Temple.
  2817 | D:4      | Noticed Eustachio
  2825 | D:4      | Killed Eustachio
  2826 | D:4      | Reached skill level 5 in Unarmed Combat
  2836 | Temple   | Entered the Ecumenical Temple
  2859 | Temple   | Became a worshipper of the Wu Jian Council
  3050 | D:4      | Noticed Blork the orc
  3056 | D:4      | Killed Blork the orc
  3175 | D:4      | Reached skill level 6 in Unarmed Combat
  3258 | D:4      | Noticed Sigmund
  3295 | D:5      | Entered Level 5 of the Dungeon
  3303 | D:5      | Reached XP level 8. HP: 11/48 MP: 8/8
  3525 | D:5      | Identified the ring "Yruagofo" {rElec rPois rN+ rCorr}
  3891 | D:4      | Noticed Natasha
  3897 | D:4      | Killed Natasha
  3947 | D:4      | Killed Sigmund
  4413 | D:5      | Noticed Duvessa
  4485 | D:5      | Noticed Dowan
  4533 | D:6      | Reached skill level 7 in Unarmed Combat
  4773 | D:6      | Reached skill level 8 in Unarmed Combat
  4773 | D:6      | Reached XP level 9. HP: 58/58 MP: 9/9
  4779 | D:6      | Reached * piety under Wu Jian
  4920 | D:6      | Reached skill level 9 in Unarmed Combat
  5209 | D:6      | Reached skill level 10 in Unarmed Combat
  5289 | D:6      | Reached ** piety under Wu Jian
  5699 | D:6      | Found Guplof's Weapon Shop.
  5767 | D:6      | Reached skill level 11 in Unarmed Combat
  6068 | D:7      | Noticed a hornet
  6085 | D:7      | Reached skill level 1 in Evocations
  6108 | D:7      | Killed a hornet
  6109 | D:7      | Reached XP level 10. HP: 63/63 MP: 10/10
  6864 | D:8      | Reached *** piety under Wu Jian
  6865 | D:8      | Reached skill level 5 in Evocations
  7250 | D:8      | Reached skill level 5 in Fighting
  7855 | D:9      | Found a staircase to the Lair.
  7855 | D:9      | Noticed an elephant
  7915 | D:9      | Killed an elephant
  8257 | D:9      | Noticed Joseph
  8752 | Lair:1   | Entered Level 1 of the Lair of Beasts
  8927 | Lair:1   | Reached XP level 11. HP: 71/77 MP: 11/11
  9078 | Lair:1   | Reached **** piety under Wu Jian
  9146 | Lair:1   | Noticed Erica
  9150 | Lair:1   | Reached skill level 12 in Unarmed Combat
  9154 | Lair:1   | Killed Erica
  9358 | Lair:1   | Noticed a boulder beetle
  9395 | Lair:1   | Killed a boulder beetle
  9396 | Lair:1   | Reached skill level 13 in Unarmed Combat
  9835 | Lair:1   | Reached skill level 14 in Unarmed Combat
 10091 | Lair:1   | Reached XP level 12. HP: 57/82 MP: 12/12
 10213 | Lair:2   | Reached skill level 15 in Unarmed Combat
 10222 | Lair:2   | Found a staircase to the Snake Pit.
 10239 | Lair:2   | Found a staircase to the Swamp.
 10424 | Lair:2   | Reached skill level 16 in Unarmed Combat
 10428 | Lair:2   | Reached ***** piety under Wu Jian
 10837 | Lair:3   | Noticed Josephine
 10895 | Lair:3   | Killed Josephine
 10896 | Lair:3   | Reached skill level 5 in Dodging
 11088 | Lair:3   | HP: 4/82 [yak (4)]
 11088 | Lair:3   | Slain by a yak

Illustrated notes

Levels and vault maps discovered:
D:1:      nicolae_arrival_washed_ashore, layout_loops_ring,
          hellmonk_ecumenical_altar_zigzags, minmay_misc_feat_five
D:2:      layout_basic, basic_altar, minmay_rat_gold_closets, uniq_terence
D:3:      layout_basic, uniq_ijyb
D:4:      layout_basic, temple_fountains, uniq_eustachio, uniq_natasha,
          uniq_grinder, uniq_menkaure, uniq_blork_the_orc, uniq_sigmund
D:5:      layout_loops_corners, uniq_duvessa
D:6:      layout_cave_pools, serial_gnoll_camp, gnoll_camp_mini_shop,
          gnoll_camp_huts_moat, gnoll_camp_medium_02, gnoll_camp_medium_01,
          gnoll_camp_mini_basic, gnoll_camp_mini_house
D:7:      layout_basic
D:8:      layout_loops_corners
D:9:      layout_rooms, david_lair_generic,
          kennysheep_orc_monster_closet_entryway, uniq_joseph
Temple:   mainiacjoe_temple_archimedes_tessellation
Lair:1:   layout_hall_layers, grunt_megastairs_5, uniq_erica
Lair:2:   layout_hall_layers, swamp_mist, minmay_snake_entry_guardpost_small
Lair:3:   layout_cave_pods, grunt_megastairs_2, infiniplex_staircase_pool_2,
          lemuel_fruit_tree, serial_bayou_shore_b, uniq_josephine

Skill      XL: |  1  2  3  4  5  6  7  8  9 10 11 12 |
---------------+-------------------------------------+-----
Shapeshifting  | 4 5 6 7 |  7.0
Unarmed Combat | 4 6 8 11 14 16 | 16.4
Fighting       | 4 8 |  8.0
Evocations     | 3 5 |  5.0
Dodging        | 3 4 6 |  6.3

Action                     |  1- 3 |  4- 6 |  7- 9 | 10-12 || total
---------------------------+-------+-------+-------+-------++-------
  Melee: Unarmed           |    72 |    59 |   284 |   477 ||   892
         Constrict         |    24 |    15 |    97 |    62 ||   198
         Tentacles         |    14 |    16 |    76 |   127 ||   233
         Punch             |     2 |     2 |       |       ||     4
Ability: Lunge             |       |       |    39 |    43 ||    82
         Whirlwind         |       |       |    19 |   124 ||   143
  Evoke: Wand              |       |       |       |     1 ||     1
    Use: Scroll            |       |       |     9 |    14 ||    23
         Potion            |       |       |       |     2 ||     2
   Stab: Sleeping          |     7 |    13 |     2 |       ||    22
 Armour: Skin              |    13 |     8 |    54 |   110 ||   185
  Dodge: Dodged            |    50 |    43 |   210 |   340 ||   643
   Form: Flux              |       |       |     1 |       ||     1

Table legend: (Time is in decaauts)
 A = Elapsed time spent in this place.
 B = Non-inter-level travel time spent in this place.
 C = Inter-level travel time spent in this place.
 D = Time resting spent in this place.
 E = Time spent auto-exploring this place.
 F = Levels seen in this place.
 G = Mean time per level.
                   A        B        C        D        E       F      G
               +--------+--------+--------+--------+--------+-----+--------+
         Total |  10994 |  10565 |    429 |   1265 |   7053 |  13 |  845.7 |
       Dungeon |   8638 |   8299 |    339 |    943 |   5731 |   9 |  959.8 |
        Temple |     46 |      2 |     44 |      0 |      0 |   1 |   46.0 |
          Lair |   2309 |   2263 |     46 |    322 |   1322 |   3 |  769.7 |
               +--------+--------+--------+--------+--------+-----+--------+

Top non-repeatable levels by time:
     D:6: 1405 daAuts
     D:8: 1361 daAuts
  Lair:1: 1344 daAuts
     D:5: 1289 daAuts
     D:4: 1018 daAuts
     D:3: 862 daAuts
     D:7: 820 daAuts
     D:1: 802 daAuts
     D:2: 753 daAuts
  Lair:2: 593 daAuts
  Lair:3: 371 daAuts
     D:9: 324 daAuts
  Temple: 46 daAuts
